 Dungeon Crawl Stone Soup version 0.22.1-1-ga44c0e5 (webtiles) character file.

359 yevrey the Conjurer (level 6, -1/32 HPs)
             Began as a Deep Elf Conjurer on Sept 22, 2018.
             Slain by a centaur (6 damage)
             ... on level 6 of the Dungeon.
             The game lasted 00:15:19 (3989 turns).

yevrey the Conjurer (Deep Elf Conjurer)             Turns: 3989, Time: 00:15:20

Health: -1/32      AC:  6    Str:  5    XL:     6   Next: 37%
Magic:  5/14       EV: 13    Int: 21    God:
Gold:   220        SH:  0    Dex: 16    Spells: 3/13 levels left

rFire    . . .     SeeInvis .   y - +0 dagger (venom)
rCold    . . .     Gourm    .   (no shield)
rNeg     . . .     Faith    .   a - +1 robe
rPois    .         Spirit   .   C - +2 helmet
rElec    .         Reflect  .   (no cloak)
rCorr    .         Harm     .   (no gloves)
MR       .....                  (no boots)
Stlth    ++........             (no amulet)
HPRegen  0.10/turn              (no ring)
MPRegen  0.14/turn              (no ring)

@: very slightly contaminated
A: no striking features
a: no special abilities


You were on level 6 of the Dungeon.
You were very hungry.

You visited 1 branch of the dungeon, and saw 6 of its levels.

You collected 220 gold pieces.

Inventory:

Hand Weapons
 m - a +1 blowgun
 u - a +0 hunting sling
 y - a +0 dagger of venom (weapon)
Missiles
 l - 91 arrows
 t - 8 tomahawks (quivered)
 v - 26 poisoned needles
Armour
 a - a +1 robe (worn)
 g - a +0 leather armour
 C - a +2 helmet (worn)
Wands
 w - a wand of flame (18)
Scrolls
 e - a scroll of immolation
 p - 4 scrolls of teleportation
Potions
 b - 2 potions of lignification {unknown}
 j - 2 potions of mutation {unknown}
 k - 2 potions of flight {unknown}
 o - 4 potions of brilliance {unknown}
 q - a potion of heal wounds {unknown}
 s - 2 potions of haste {unknown}
 A - a potion of berserk rage {unknown}
Comestibles
 c - 6 rations


   Skills:
 + Level 0.7 Short Blades
 + Level 4.1 Throwing
 + Level 2.9 Dodging
 + Level 3.1 Stealth
 + Level 4.2 Spellcasting
 + Level 5.8 Conjurations


You had 3 spell levels left.
You knew the following spells:

 Your Spells              Type           Power        Failure   Level  Hunger
a - Magic Dart            Conj           ####         1%          1    None
b - Searing Ray           Conj           ####..       1%          2    #......
c - Dazzling Spray        Conj/Hex       ###...       11%         3    ###....
d - Iskenderun's Mystic   Conj           ####....     11%         4    ####...

Your spell library contained the following spells:

 Spells                   Type           Power        Failure   Level  Hunger
 Force Lance              Conj/Tloc      ###.....     34%         4    ####...
 Fulminant Prism          Conj/Hex       ###.......   34%         4    ####...


Dungeon Overview and Level Annotations

Branches:
Dungeon (6/15)
 Temple: D:4-7

Altars:
Ashenzari
Gozag
Wu Jian


Message History

The centaur is lightly wounded.
The centaur hits you.
* * * LOW HITPOINT WARNING * * *
The centaur barely misses you.
Casting: Dazzling Spray (safe; 11% risk of failure)
Confirm with . or Enter, or press ? or * to list all spells.
Aiming: Searing Ray (safe; 1% risk of failure)
Press: ? - help, Shift-Dir - straight line, f/p - centaur
Aim: a centaur (lightly wounded, poisoned)
The searing ray hits the centaur.
The centaur is lightly wounded. (Press . to maintain the ray.)
The centaur closely misses you.
The searing ray hits the centaur.
The centaur is moderately wounded.
The centaur closely misses you. x2
The searing ray hits the centaur.
The centaur is severely wounded.
The centaur hits you.
You die...

### #.. #.#
#.# #.# #c#
#@# # #(#
#...####(###.#
.......<(....#
...###########


You could see a centaur.

Vanquished Creatures
  An ogre (D:4)
  A scorpion (D:6)
  3 orc wizards
  A worker ant (D:3)
  Robin (D:4)
  2 adders
  An ooze (D:2)
  2 worms (D:2)
  4 dart slugs
  11 orcs
  4 bats
  2 giant cockroaches
  15 goblins
  3 hobgoblins
  2 jackals (D:2)
  2 quokkas
  4 frilled lizards
  5 kobolds
  6 rats
  A toadstool (D:1)
71 creatures vanquished.

Vanquished Creatures (others)
  3 toadstools (D:1)
3 creatures vanquished.

Grand Total: 74 creatures vanquished

Notes
Turn   | Place    | Note
-------+----------+-------------------------------------------
     0 | D:1      | yevrey the Deep Elf Conjurer began the quest for the Orb.
     0 | D:1      | Reached XP level 1. HP: 10/10 MP: 6/6
   276 | D:1      | Reached XP level 2. HP: 15/15 MP: 5/8
   286 | D:1      | Learned a level 2 spell: Searing Ray
   424 | D:1      | Found a shattered altar of Ashenzari.
   441 | D:1      | Reached skill level 5 in Conjurations
  1317 | D:2      | Reached XP level 3. HP: 19/19 MP: 6/9
  1322 | D:2      | Learned a level 3 spell: Dazzling Spray
  1818 | D:2      | Found an ornate altar of the Wu Jian Council.
  1818 | D:2      | Found an opulent altar of Gozag.
  2306 | D:4      | Noticed Robin
  2310 | D:4      | Reached XP level 4. HP: 23/24 MP: 8/11
  2312 | D:4      | Reached skill level 1 in Throwing
  2373 | D:4      | Killed Robin
  2476 | D:3      | Learned a level 4 spell: Iskenderun's Mystic Blast
  2494 | D:4      | Reached XP level 5. HP: 15/28 MP: 3/13
  2693 | D:5      | Entered Level 5 of the Dungeon
  3391 | D:4      | Noticed an ogre
  3402 | D:4      | Killed an ogre
  3402 | D:4      | Reached XP level 6. HP: 32/32 MP: 9/14
  3989 | D:6      | Slain by a centaur

Skill      XL: |  1  2  3  4  5  6 |
---------------+-------------------+-----
Conjurations   | 5 |  5.8
Throwing       | 2 3 4 |  4.1
Spellcasting   | 4 |  4.2
Stealth        | 3 |  3.1
Short Blades   | |  0.7
Dodging        | |  2.9

Action                   |  1- 3 |  4- 6 || total
-------------------------+-------+-------++-------
Melee: Unarmed           |     7 |       ||     7
       Short sword       |     4 |       ||     4
       Dagger            |       |    12 ||    12
 Fire: Blowgun           |    27 |    34 ||    61
Throw: Tomahawk          |       |     3 ||     3
 Cast: Magic Dart        |    63 |    11 ||    74
       Searing Ray       |     3 |     9 ||    12
       Dazzling Spray    |     1 |     1 ||     2
  Use: Potion            |     1 |     2 ||     3
       Scroll            |     1 |    11 ||    12
 Stab: Sleeping          |       |     1 ||     1
  Eat: Chunk             |     2 |     3 ||     5
       Ration            |     1 |       ||     1
Armor: Robe              |     5 |     6 ||    11
Dodge: Dodged            |    16 |    51 ||    67
